AoeStats
← Barbarianu

Fortress

509110601Analyzed
4v4 RM · 8d ago on Sep 25, 2026· 75m 54s· 8 players
Game mode
Random Map
Map size
Huge
Population
200
Speed
Normal
Resources
Standard
Victory
Conquest
Starting age
Dark Age
Ending age
Imperial Age
RankedLock teamsTeams togetherTeam positionsShared explorationLock speedFull tech treeHidden civsTurbo modeCheats
Victory
Defeat
🇨🇳 Mongols · China
1264
+12
🇨🇳 Lithuanians · China
1158
+16
🇷🇴 Turks · Romania
1115
+17
🇹🇼 Byzantines · Taiwan
1108
+18
🇪🇸 Celts · Spain
1182
-17
🇬🇧 Hindustanis · United Kingdom
1168
-16
🇩🇪 Vietnamese · Germany
1153
-16
🇨🇳 Vikings · China
1124
-14
Nicolass
7:16 Feudal Age
11:49 Castle Age
14:40 Forging
17:29 Scale Mail Armor
19:27 Iron Casting
20:27 Chain Mail Armor
31:09 Imperial Age
30:00 Double-Bit Axe
39:35 Elite Woad Raider
49:52 Blast Furnace
51:40 Plate Mail Armor
54:58 Capped Ram
75:10 Fletching
FBM
7:04 Feudal Age
12:22 Castle Age
10:23 Double-Bit Axe
10:22 Horse Collar
11:03 Stone Mining
14:52 Bow Saw
14:43 Heavy Plow
18:53 Loom
20:11 Fletching
23:38 Imperial Age
21:15 Gold Mining
21:37 Fletching
21:47 Padded Archer Armor
24:22 Bodkin Arrow
25:48 Wheelbarrow
25:32 Leather Archer Armor
25:43 Ballistics
28:57 Bracer
29:27 Ring Archer Armor
31:45 Chemistry
31:39 Elite Rattan Archer
37:59 Two-Man Saw
40:30 Scale Mail Armor
40:41 Forging
41:13 Pikeman
41:55 Squires
41:41 Arson
42:13 Chain Mail Armor
43:07 Paper Money
44:08 Caravan
44:39 Coinage
44:03 Halberdier
45:53 Plate Mail Armor
45:58 Iron Casting
46:52 Elite Fire Lancer
47:52 Capped Ram
74:47 Hand Cart
74:17 Town Watch
野生西红柿
0:32 Loom
6:52 Feudal Age
12:03 Castle Age
10:43 Horse Collar
11:08 Double-Bit Axe
12:05 Gold Mining
12:06 Stone Mining
12:14 Town Watch
14:54 Squires
16:26 Arson
19:10 Scale Mail Armor
19:40 Forging
20:31 Chain Mail Armor
21:27 Town Patrol
24:42 Iron Casting
28:55 Imperial Age
27:18 Bow Saw
27:30 Heavy Plow
27:16 Pikeman
27:16 Man-at-Arms
28:09 Fletching
29:14 Bodkin Arrow
30:12 Plate Mail Armor
30:42 Blast Furnace
31:00 Blast Furnace
31:01 Bracer
31:10 Elite Varangian Guard
32:13 Conscription
34:58 Two-Man Saw
34:22 Chieftains
35:07 Crop Rotation
36:20 Gold Shaft Mining
35:10 Long Swordsman
36:01 Two-Handed Swordsman
38:12 Fortified Wall
37:58 Murder Holes
37:45 Treadmill Crane
38:15 Masonry
38:02 Murder Holes
38:05 Champion
40:25 Caravan
40:56 Coinage
42:32 Padded Archer Armor
43:04 Masonry
42:40 Arrowslits
43:01 Siege Engineers
44:02 Chemistry
47:18 Architecture
51:34 Hoardings
56:00 Leather Archer Armor
55:55 Elite Skirmisher
58:33 Ring Archer Armor
57:26 Imperial Skirmisher
72:04 Capped Ram
FirstPine3880
7:55 Feudal Age
12:02 Castle Age
9:51 Double-Bit Axe
9:49 Horse Collar
13:04 Bow Saw
13:12 Heavy Plow
14:02 Wheelbarrow
19:05 Gold Mining
19:16 Stone Mining
20:32 Loom
21:03 Hand Cart
22:09 Gold Shaft Mining
23:44 Caravan
23:52 Grand Trunk Road
26:48 Imperial Age
26:15 Scale Barding Armor
26:20 Forging
27:49 Chain Barding Armor
27:51 Bloodlines
27:42 Husbandry
27:03 Heavy Camel Rider
29:01 Imperial Camel Rider
31:53 Chemistry
31:30 Plate Barding Armor
31:30 Iron Casting
31:20 Conscription
34:52 Blast Furnace
35:57 Padded Archer Armor
37:07 Shatagni
38:47 Leather Archer Armor
42:31 Fortified Wall
42:26 Siege Engineers
42:33 Masonry
42:28 Town Watch
47:47 Ring Archer Armor
54:45 Light Cavalry
55:28 Hussar
58:33 Fletching
71:17 Coinage
Barbarianu
7:29 Feudal Age
11:43 Castle Age
14:13 Horse Collar
15:32 Padded Archer Armor
17:59 Loom
23:50 Bloodlines
23:41 Husbandry
24:35 Gold Mining
24:35 Stone Mining
26:40 Gold Shaft Mining
27:12 Double-Bit Axe
30:46 Imperial Age
28:30 Heavy Plow
29:42 Bow Saw
29:44 Scale Barding Armor
29:51 Forging
29:32 Fletching
29:57 Leather Archer Armor
30:30 Ballistics
36:56 Wheelbarrow
37:06 Iron Casting
36:52 Chain Barding Armor
40:09 Conscription
40:56 Blast Furnace
45:01 Plate Barding Armor
OAO
0:52 Loom
8:37 Feudal Age
10:01 Double-Bit Axe
13:18 Castle Age
11:16 Horse Collar
13:56 Wheelbarrow
19:56 Heavy Plow
22:17 Scale Mail Armor
22:27 Forging
25:11 Gambesons
29:02 Chain Mail Armor
29:22 Iron Casting
28:53 Squires
28:39 Arson
32:27 Imperial Age
30:02 Treadmill Crane
31:02 Iron Casting
33:32 Elite Varangian Guard
39:28 Conscription
44:08 Elite Skirmisher
55:32 Hand Cart
60:16 Caravan
59:57 Pikeman
62:46 Halberdier
70:52 Thumb Ring
73:51 Padded Archer Armor
山水先生
6:35 Feudal Age
11:01 Castle Age
9:49 Horse Collar
9:56 Double-Bit Axe
12:32 Bow Saw
12:25 Heavy Plow
18:24 Wheelbarrow
18:45 Town Watch
26:11 Gold Mining
26:14 Stone Mining
27:53 Gold Shaft Mining
30:20 Imperial Age
27:46 Loom
28:16 Hand Cart
29:36 Fletching
29:47 Padded Archer Armor
31:09 Bodkin Arrow
31:30 Leather Archer Armor
32:35 Conscription
31:36 Elite Mangudai
36:05 Bracer
38:23 Bloodlines
38:14 Husbandry
39:34 Ballistics
40:15 Chemistry
39:43 Parthian Tactics
39:25 Thumb Ring
44:22 Capped Ram
45:59 Drill
45:31 Siege Ram
46:42 Siege Engineers
49:19 Caravan
71:35 Murder Holes
钓你吗钓
6:52 Feudal Age
10:51 Castle Age
8:56 Double-Bit Axe
10:01 Horse Collar
17:19 Loom
21:05 Wheelbarrow
20:38 Heavy Plow
20:49 Bow Saw
20:33 Gold Mining
26:10 Imperial Age
24:36 Scale Barding Armor
24:47 Bloodlines
24:38 Husbandry
24:57 Stone Mining
26:04 Forging
26:36 Hand Cart
26:34 Cavalier
28:01 Chain Barding Armor
28:21 Conscription
29:37 Plate Barding Armor
30:07 Two-Man Saw
29:39 Crop Rotation
29:45 Stone Shaft Mining
30:04 Iron Casting
29:43 Town Watch
29:50 Fletching
31:21 Paladin
33:46 Scale Mail Armor
34:55 Chemistry
33:30 Pikeman
34:11 Squires
33:56 Arson
34:34 Bodkin Arrow
35:43 Chain Mail Armor
35:33 Halberdier
36:14 Bracer
36:50 Padded Archer Armor
37:26 Bombard Tower
36:50 Light Cavalry
39:21 Murder Holes
40:32 Winged Hussar
42:21 Leather Archer Armor
45:08 Ring Archer Armor
50:22 Fortified Wall
59:55 Caravan
Connection lost

Rejoining the realm…

Still unreachable

The connection could not be restored.

Session expired

The server has moved on; the page needs a fresh start.